 Dungeon Crawl Stone Soup version 0.23.2-1-ga50397a (webtiles) character file.

Game seed: 9077381197879999017

2 MalarOregon the Sneak (level 1, 0/14 HPs)
             Began as a Ghoul Enchanter on May 26, 2019.
             Slain by a hobgoblin
             ... wielding a cursed +0 club
              (2 damage)
             ... on level 1 of the Dungeon.
             The game lasted 00:00:30 (36 turns).

MalarOregon the Sneak (Ghoul Enchanter)               Turns: 36, Time: 00:00:30

Health: 0/14       AC:  2    Str: 11    XL:     1   Next: 40%
Magic:  2/2        EV: 12    Int: 10    God:
Gold:   0          SH:  0    Dex:  9    Spells: 2/3 levels left

rFire    . . .     SeeInvis .   a - +1 dagger
rCold    + . .     Gourm    .   (no shield)
rNeg     + + +     Faith    .   b - +0 robe
rPois    ∞         Spirit   .   (no helmet)
rElec    .         Reflect  .   (no cloak)
rCorr    .         Harm     .   (no gloves)
MR       .....                  (no boots)
Stlth    ++........             (no amulet)
HPRegen  0.00/turn              (no ring)
MPRegen  0.08/turn              (no ring)

@: rotting
A: rotting body, claws 1, carnivore, cold resistance 1, negative energy
resistance 3, inhibited regeneration, torment resistance, unbreathing
a: no special abilities


You were on level 1 of the Dungeon.
You were not hungry.

You visited 1 branch of the dungeon, and saw 1 of its levels.

Inventory:

Hand Weapons
 a - a +1 dagger (weapon)
Armour
 b - a +0 robe (worn)
Scrolls
 c - a scroll of fog {unknown}
Potions
 d - 3 potions of mutation {unknown}
Comestibles
 e - a ration {!d}
 f - 2 chunks of flesh


   Skills:
 + Level 0.2 Fighting
 + Level 0.9 Short Blades
 + Level 1.8 Dodging
 + Level 3.3 Stealth
 + Level 1.8 Spellcasting
 + Level 2.4 Hexes


You had 2 spell levels left.
You knew the following spells:

 Your Spells              Type           Power        Failure   Level  Hunger
a - Corona                Hex            #......      12%         1    ##.....

Your spell library contained the following spells:

 Spells                   Type           Power        Failure   Level  Hunger
 Ensorcelled Hibernation  Hex/Ice        #.....       28%         2    ###....
 Confuse                  Hex            #.......     34%         3    ####...
 Tukima's Dance           Hex            #.......     34%         3    ####...
 Dazzling Spray           Conj/Hex       #.....       50%         3    ####...


Dungeon Overview and Level Annotations

Branches:
Dungeon (1/15)

Altars:


Innate Abilities, Weirdness & Mutations

Your body is rotting away.
You thrive on raw meat.
You are immune to poison.
You have sharp fingernails.
You are carnivorous and can eat meat at any time.
Your flesh is cold resistant. (rC+)
You are immune to negative energy. (rN+++)
You do not regenerate when monsters are visible.
You are immune to unholy pain and torment.
You can survive without breathing.


Message History

e - a ration Welcome, MalarOregon the Ghoul Enchanter.
It is said that the Orb of Zot exists deep within this dungeon.
Found a scroll labeled WOSI DYLAOCLAE and 3 bubbling emerald potions.
Found a staircase leading out of the dungeon.
c - a scroll labeled WOSI DYLAOCLAE
Okay, then.
d - 3 bubbling emerald potions As you open the door, it creaks loudly!
There is an open door here.
A dart slug comes into view.
Aim: a dart slug (clinging, chance to defeat MR: 56%)
The dart slug struggles to resist.
Aim: a dart slug (clinging, chance to defeat MR: 56%)
The dart slug struggles to resist.
The dart slug launches a dart at you. The slug dart misses you.
You don't have enough magic to cast that spell.
You hit the dart slug. You hit the dart slug. The dart slug barely misses you.
You hit the dart slug but do no damage. You hit the dart slug but do no damage.
The dart slug barely misses you.
You hit the dart slug.
You kill the dart slug!
No target in view!
You butcher the dart slug corpse.
f - 2 chunks of flesh A hobgoblin comes into view.
It is wielding a +0 club.
The hobgoblin shouts!
A hobgoblin is nearby!
A hobgoblin is nearby!
The hobgoblin hits you with a cursed +0 club.
You hit the hobgoblin but do no damage.
The hobgoblin hits you with a cursed +0 club.
You hit the hobgoblin. The hobgoblin misses you.
You barely miss the hobgoblin. The hobgoblin closely misses you.
You hit the hobgoblin.
The hobgoblin hits you with a cursed +0 club.
* * * LOW HITPOINT WARNING * * *
You hit the hobgoblin but do no damage.
The hobgoblin hits you with a cursed +0 club.
* * * LOW HITPOINT WARNING * * *
You closely miss the hobgoblin.
The hobgoblin hits you with a cursed +0 club.
You die...

#..⌠.....⌠..#
#...........##.#
#...........##.# #
######'#######.### .#
######.#######.... ..#
................### ...#
#......####.###...# ....#
#####.....#.###.#.#.....#
#...........@g......#
#............##.#....
................# #
...................
....#########.###.. ....
... . ... ..## #.#


You could see a hobgoblin.

Vanquished Creatures
  A dart slug (D:1)
1 creature vanquished.

Notes
Turn   | Place    | Note
-------+----------+-------------------------------------------
     0 | D:1      | MalarOregon the Ghoul Enchanter began the quest for the
                  | Orb.
     0 | D:1      | Reached XP level 1. HP: 14/14 MP: 2/2
    36 | D:1      | Slain by a hobgoblin

Action                   || total
-------------------------++-------
Melee: Dagger            ||    11
 Cast: Corona            ||     2
Dodge: Dodged            ||     5
